 Dungeon Crawl Stone Soup version 0.30.1-11-g7821555f0a (webtiles) character file.

Game seed: 543919398656702322

37 jagang the Trooper (level 3, -1/30 HPs)
             Began as a Demonspawn Berserker on Dec 13, 2023.
             Was a Follower of Trog.
             Succumbed to Robin's poison
             ... on level 1 of the Dungeon.
             The game lasted 00:02:06 (855 turns).

jagang the Trooper (Demonspawn Berserker)            Turns: 855, Time: 00:02:06

Health: -1/30      AC:  2    Str: 19    XL:     3   Next: 23%
Magic:  3/3        EV: 12    Int:  8    God:    Trog [*.....]
Gold:   68         SH:  0    Dex: 12    Spells: 2/2 levels left

rFire   . . .        a - +0 mace
rCold   . . .        (no shield)
rNeg    . . .        b - +0 animal skin
rPois   .            (no helmet)
rElec   .            (no cloak)
rCorr   .            (no gloves)
SInv    .            (no boots)
Will    .....        (no amulet)
Stlth   +            (no ring)
HPRegen 0.25/turn    (no ring)
MPRegen 0.08/turn

%: no passive effects
@: lethally poisoned (-1 -> -4)
A: demonic touch 1
a: Renounce Religion, Berserk


You were on level 1 of the Dungeon.
You worshipped Trog.
Trog was aware of your devotion.
You visited 1 branch of the dungeon, and saw 2 of its levels.

You collected 68 gold pieces.

Inventory:

Hand Weapons
 a - a +0 mace (weapon)
Armour
 b - a +0 animal skin (worn)
Scrolls
 c - a scroll of identify {unknown}
 d - a scroll of noise {unknown}
 e - a scroll of teleportation {unknown}
 f - a scroll of enchant armour {unknown}


   Skills:
 * Level 3.7 Fighting
 - Level 2.6 Maces & Flails
 + Level 2.2 Armour
 + Level 2.2 Dodging


You had 2 spell levels left.
You didn't know any spells.
Your spell library contained the following spells:

 Spells                   Type           Power      Damage    Failure   Level
 Cigotuvi's Dreadful Rot  Necr/Pois/Air  0%         N/A       54%         2
 Ignite Poison            Fire/Tmut/Pois 0%         N/A       78%         3
 Freezing Cloud           Conj/Ice/Air   0%         6-21      100%        5


Dungeon Overview and Level Annotations

Branches:
Dungeon (2/15)

Altars:


Innate Abilities, Weirdness & Mutations

Your touch may inflict minor irresistible damage on your foes.


Message History

You see here a +0 short sword of freezing.
You start resting.
Robin is nearby!
Robin shouts!
You hear a shout! x6
Robin says, "My goblins will feast on your bones."
Robin barely misses you.
Items here: )) ††.
You hit Robin.
Robin is moderately wounded.
Robin roars a battlecry!
You hit Robin but do no damage.
Robin is moderately wounded.
Robin hits you with a +0 spear of venom.
You are lethally poisoned!
A goblin comes into view. It is wielding a +0 club.
You hit Robin but do no damage.
You touch Robin!
You kill Robin!
Trog accepts your kill.
* * * LOW HITPOINT WARNING * * *
You feel very sick.
A goblin comes into view. It is wielding a +0 dagger. x2
You have reached level 3!
Your experience leads to an increase in your attributes!
Increase (S)trength, (I)ntelligence, or (D)exterity?
You feel stronger. x2
You aren't carrying any potions.
* * * LOW HITPOINT WARNING * * *
You feel sick.
A goblin comes into view. It is wielding a +0 club.
A goblin comes into view. It is wielding a +2 dagger of speed.
Things that are here:
a +0 dagger; a stone; a kobold corpse
* * * LOW HITPOINT WARNING * * *
You feel sick.
There is a stone staircase leading up here.
Okay, then.
* * * LOW HITPOINT WARNING * * *
You feel sick.
You climb upwards.
You die...

#.....########## #.....#
#.....# #########
#.....#####.......#
#...............#.#
###'#.........#.#.#
#.#.#####.#.#.#.#
####.#...###.#.#.#.#####
................@......#
####.#...#######.#.###.#
#.###########.#.# #.#
####.#...........#.# #.#
≈≈⌠#.#.#########.#.# #.#
≈≈≈#.#.#.###.......# #.#
≈≈≈#.#.#...#.###.### #.#
.≈≈#.#.#.#.#.# #.# #.#
..≈#.#.#.#.#.# #.# #.#


There were no monsters in sight!

Vanquished Creatures
  Robin (D:2)
  A ball python (D:1)
  4 endoplasms (D:1)
  5 goblins
  2 hobgoblins (D:2)
  4 kobolds
  A quokka (D:1)
  2 bats (D:1)
  A frilled lizard (D:1)
  2 rats
23 creatures vanquished.

Notes
Turn   | Place    | Note
-------+----------+-------------------------------------------
     0 | D:1      | jagang the Demonspawn Berserker began the quest for the
                  | Orb.
     0 | D:1      | Reached XP level 1. HP: 18/18 MP: 1/1
   462 | D:1      | Gained mutation: Your touch may inflict minor irresistible
                  | damage on your foes. [demonic ancestry]
   462 | D:1      | Reached XP level 2. HP: 23/24 MP: 2/2
   466 | D:1      | Found a faded altar of an unknown god.
   844 | D:2      | Noticed Robin
   851 | D:2      | Killed Robin
   852 | D:2      | Reached XP level 3. HP: 5/30 MP: 3/3
   854 | D:2      | HP: 1/30 [poisoned by Robin]
   855 | D:1      | Succumbed to Robin's poison

Illustrated notes

Levels and vault maps discovered:
D:1:      amcnicky_arrival_flooded_fountain, layout_basic,
          hellmonk_ecumenical_altar_blasted, minmay_3d_cube
D:2:      layout_rooms, hangedman_decor_points, minmay_domino_4, uniq_robin

Skill      XL: |  1 |
---------------+----+-----
Armour         | 2 |  2.2
Dodging        | 2 |  2.2
Fighting       | |  3.7
Maces & Flails | |  2.6

Action                     || total
---------------------------++-------
  Melee: Mace              ||    49
         Touch             ||     5
   Stab: Sleeping          ||     2
 Armour: Animal skin       ||    15
  Dodge: Dodged            ||    27
